Workbook

Sheet Tab.1 valore finanziario D.O.
M1: Tab. 1
A2: Funzionario referente Marco Cittadini | I2: AMMINISTRAZIONE
A3: n. telefono 06 68188299 | I3: Dipartimento per la Giustizia Minorile e di Comunità
A4: E-mail PEC: prot.dgmc@giustiziacert.it | B4: E-mail ______________________________________ | C4: E-mail ______________________________________
A6: Valore finanziario dotazione organica al 31.12.2023 - DM 12 aprile 2023
A7: DIRIGENTI PENITENZIARI | B7: FASCIA | C7: Tabellare al 1/1/2021 (DPCM 25 luglio 2022) | D7: Indennità integrativa speciale | E7: Tredicesima | G7: Retribuzione totale pro capite lordo dipendente | H7: Oneri a carico dello Stato (27,83% su Stipendio a.l. e 24,20% su IIS) | I7: IRAP (8,50%) | J7: Opera Previdenza (5,68% su Stipendio a.l. e 3,41% su IIS) | K7: Totale annuo pro-capite lordo stato | L7: Unità in dotazione organica | M7: VALORE FINANZIARIO DOTAZIONE ORGANICA N=L*M
B8: DIRIGENTE GENERALE | C8: 42199.62 | D8: 12155.3 | E8: =+(C8+D8)/12 -> 4529.5767 | G8: =+C8+D8+E8 -> 58884.497 | H8: =+(C8+C8/12)*27.83%+(D8+D8/12)*24.2% -> 15909.548 | I8: =+G8*8.5% -> 5005.1822 | J8: =+(C8+C8/12)*5.68%+(D8+D8/12)*3.41% -> 3045.7203 | K8: =+G8+H8+I8+J8 -> 82844.947 | L8: 1 | M8: =+ROUND(L8*K8,2) -> 82844.95
B9: PRIMO DIRIGENTE | C9: 27822.22 | D9: 11128.51 | E9: =+(C9+D9)/12 -> 3245.8942 | G9: =+C9+D9+E9 -> 42196.624 | H9: =+(C9+C9/12)*27.83%+(D9+D9/12)*24.2% -> 11305.692 | I9: =+G9*8.5% -> 3586.7131 | J9: =+(C9+C9/12)*5.68%+(D9+D9/12)*3.41% -> 2123.0996 | K9: =+G9+H9+I9+J9 -> 59212.129 | L9: 52 | M9: =+ROUND(L9*K9,2) -> 3079030.7
A11: DIRIGENTI | B11: FASCIA | C11: Stipendio CCNL 2019-2021 (13 mensilità) | D11: IVC 2022-2024 per 13 mensilità con ulteriore incremento DDL Bilancio 2024 | G11: Retribuzione totale pro capite lordo dipendente | H11: Pensione 24,2% | I11: Buonuscita 5,68% | J11: IRAP 8,5% | K11: Totale annuo pro-capite lordo stato | L11: Unità in dotazione organica | M11: VALORE FINANZIARIO DOTAZIONE ORGANICA
B12: PRIMA | C12: 60102.87 | D12: 2314.26 | G12: =+C12+D12 -> 62417.13 | H12: =G12*24.2% -> 15104.945 | I12: =G12*7.1%*80% -> 3545.293 | J12: =G12*8.5% -> 5305.4561 | K12: =+ROUND(+G12+H12+I12+J12,2) -> 86372.82 | L12: 3 | M12: =+ROUND(L12*K12,2) -> 259118.46
B13: SECONDA | C13: 47015.77 | D13: 1809.86 | G13: =+C13+D13 -> 48825.63 | H13: =G13*24.2% -> 11815.802 | I13: =G13*7.1%*80% -> 2773.2958 | J13: =G13*8.5% -> 4150.1785 | K13: =+ROUND(+G13+H13+I13+J13,2) -> 67564.91 | L13: 17 | M13: =+ROUND(L13*K13,2) -> 1148603.5
A15: AREE | C15: Stipendio CCNL 2019-2021 (13 mensilità) | D15: IVC 2022-2024 per 13 mensilità con ulteriore incremento DDL Bilancio 2024 | E15: Retribuzione di posizione variabile | F15: Retribuzione di risultato | G15: Retribuzione totale pro capite lordo dipendente | H15: Oneri riflessi 38,38% (32,70% su retribuzione di risultato) | K15: Totale annuo pro-capite lordo stato | L15: Unità in dotazione organica | M15: VALORE FINANZIARIO DOTAZIONE ORGANICA
B16: EP | C16: 35000 | D16: 1347.32 | G16: =+C16+D16+E16+F16 -> 36347.32 | H16: =+(C16+D16+E16)*38.38%+(F16*32.7%) -> 13950.101 | K16: =+ROUND(+G16+H16+I16+J16,2) -> 50297.42 | M16: =+ROUND(L16*K16,2) -> 0
C18: Tabellare + IIS per 12 mensilità CCNL 2019-2021 | D18: IVC 2022-2024 per 12 mensilità con ulteriore incremento DDL Bilancio 2024 | E18: Altra voce retributiva fondamentale | F18: Tredicesima (tabellare + IVC) | G18: Totale annuo pro-capite lordo dipendente | H18: Pensione 24,2% | I18: Buonuscita 5,68% | J18: IRAP 8,5% | K18: Totale annuo pro-capite lordo stato | L18: Unità in dotazione organica | M18: VALORE FINANZIARIO DOTAZIONE ORGANICA
B19: Funzionari | C19: 23501.93 | D19: 904.56 | F19: =+ROUND((C19+D19+E19)/12,2) -> 2033.87 | G19: =+F19+D19+C19+E19 -> 26440.36 | H19: =G19*24.2% -> 6398.5671 | I19: =G19*7.1%*80% -> 1501.8124 | J19: =G19*8.5% -> 2247.4306 | K19: =+ROUND(+G19+H19+I19+J19,2) -> 36588.17 | L19: 3330 | M19: =+ROUND(L19*K19,2) -> 1.2183861e+08
B21: Assistenti | C21: 19351.97 | D21: 744.72 | F21: =+ROUND((C21+D21+E21)/12,2) -> 1674.72 | G21: =+F21+D21+C21+E21 -> 21771.41 | H21: =G21*24.2% -> 5268.6812 | I21: =G21*7.1%*80% -> 1236.6161 | J21: =G21*8.5% -> 1850.5699 | K21: =+ROUND(+G21+H21+I21+J21,2) -> 30127.28 | L21: 1182 | M21: =+ROUND(L21*K21,2) -> 35610445
B23: Operatori | C23: 18390.84 | D23: 707.76 | F23: =+ROUND((C23+D23+E23)/12,2) -> 1591.55 | G23: =+F23+D23+C23+E23 -> 20690.15 | H23: =G23*24.2% -> 5007.0163 | I23: =G23*7.1%*80% -> 1175.2005 | J23: =G23*8.5% -> 1758.6628 | K23: =+ROUND(+G23+H23+I23+J23,2) -> 28631.03 | L23: 42 | M23: =+ROUND(L23*K23,2) -> 1202503.3
K25: TOTALE | L25: =+SUM(L8:L23) -> 4627 | M25: =+SUM(M8:M23) -> 1.6322115e+08

Sheet Tab. 2  presenti in servizio
A1: Funzionario referente | D1: Marco Cittadini | I1: AMMINISTRAZIONE | N1: Tab. 2
A2: n. telefono | D2: 06 68188299 | I2: Dipartimento per la Giustizia Minorile e di Comunità
A3: E-mail PEC: | B3: E-mail ______________________________________ | C3: E-mail ______________________________________ | D3: prot.dgmc@giustiziacert.it
A5: Spesa presenti in servizio + comandati in al 31 dicembre 2023
A6: DIRIGENTI PENITENZIARI | B6: FASCIA | C6: Tabellare al 1/1/2021 (DPCM 25 luglio 2022) | D6: Indennità integrativa speciale | E6: Tredicesima | G6: Retribuzione totale pro capite lordo dipendente | H6: Oneri a carico dello Stato (27,83% su Stipendio a.l. e 24,20% su IIS) | I6: IRAP (8,50%) | J6: Opera Previdenza (5,68% su Stipendio a.l. e 3,41% su IIS) | K6: Totale annuo pro-capite lordo stato | L6: Totale unità presenti di ruolo (1) | M6: Totale comandati in (2) | N6: TOTALE ONERE PRESENTI IN SERVIZIO (Ruolo + comandati in)
B7: DIRIGENTE GENERALE | C7: 42199.62 | D7: 12155.3 | E7: =+(C7+D7)/12 -> 4529.5767 | G7: =+C7+D7+E7 -> 58884.497 | H7: =+(C7+C7/12)*27.83%+(D7+D7/12)*24.2% -> 15909.548 | I7: =+G7*8.5% -> 5005.1822 | J7: =+(C7+C7/12)*5.68%+(D7+D7/12)*3.41% -> 3045.7203 | K7: =+G7+H7+I7+J7 -> 82844.947 | L7: 1 | N7: =+ROUND(+(L7+M7)*K7,2) -> 82844.95
B8: PRIMO DIRIGENTE | C8: 27822.22 | D8: 11128.51 | E8: =+(C8+D8)/12 -> 3245.8942 | G8: =+C8+D8+E8 -> 42196.624 | H8: =+(C8+C8/12)*27.83%+(D8+D8/12)*24.2% -> 11305.692 | I8: =+G8*8.5% -> 3586.7131 | J8: =+(C8+C8/12)*5.68%+(D8+D8/12)*3.41% -> 2123.0996 | K8: =+G8+H8+I8+J8 -> 59212.129 | L8: 42 | N8: =+ROUND(+(L8+M8)*K8,2) -> 2486909.4
A10: DIRIGENTI | B10: FASCIA | C10: Stipendio CCNL 2019-2021 (13 mensilità) | D10: IVC 2022-2024 per 13 mensilità con ulteriore incremento DDL Bilancio 2024 | G10: Retribuzione totale pro capite lordo dipendente | H10: Pensione 24,2% | I10: Buonuscita 5,68% | J10: IRAP 8,5% | K10: Totale annuo pro-capite lordo stato | L10: Totale unità presenti di ruolo (1) | M10: Totale comandati in (2) | N10: TOTALE ONERE PRESENTI IN SERVIZIO (Ruolo + comandati in)
B11: PRIMA | C11: 60102.87 | D11: 2314.26 | G11: =+C11+D11 -> 62417.13 | H11: =G11*24.2% -> 15104.945 | I11: =G11*7.1%*80% -> 3545.293 | J11: =G11*8.5% -> 5305.4561 | K11: =+ROUND(+G11+H11+I11+J11,2) -> 86372.82 | L11: 3 | N11: =+ROUND(+(L11+M11)*K11,2) -> 259118.46
B12: SECONDA | C12: 47015.77 | D12: 1809.86 | G12: =+C12+D12 -> 48825.63 | H12: =G12*24.2% -> 11815.802 | I12: =G12*7.1%*80% -> 2773.2958 | J12: =G12*8.5% -> 4150.1785 | K12: =+ROUND(+G12+H12+I12+J12,2) -> 67564.91 | L12: 9 | M12: 2 | N12: =+ROUND(+(L12+M12)*K12,2) -> 743214.01
A14: AREE | C14: Stipendio CCNL 2019-2021 (13 mensilità) | D14: IVC 2022-2024 per 13 mensilità con ulteriore incremento DDL Bilancio 2024 | E14: Retribuzione di posizione variabile | F14: Retribuzione di risultato | G14: Retribuzione totale pro capite lordo dipendente | H14: Oneri riflessi 38,38% (32,70% su retribuzione di risultato) | K14: Totale annuo pro-capite lordo stato | L14: Totale unità presenti di ruolo (1) | M14: Totale comandati in (2) | N14: TOTALE ONERE PRESENTI IN SERVIZIO (Ruolo + comandati in)
B15: EP | C15: 35000 | D15: 1347.32 | G15: =+C15+D15+E15+F15 -> 36347.32 | H15: =+(C15+D15+E15)*38.38%+(F15*32.7%) -> 13950.101 | K15: =+ROUND(+G15+H15+I15+J15,2) -> 50297.42 | N15: =+ROUND(+(L15+M15)*K15,2) -> 0
C17: Tabellare + IIS per 12 mensilità CCNL 2019-2021 | D17: IVC 2022-2024 per 12 mensilità con ulteriore incremento DDL Bilancio 2024 | E17: Altra voce retributiva fondamentale | F17: Tredicesima (tabellare + IVC) | G17: Totale annuo pro-capite lordo dipendente | H17: Pensione 24,2% | I17: Buonuscita 5,68% | J17: IRAP 8,5% | K17: Totale annuo pro-capite lordo stato | L17: Totale unità presenti di ruolo (1) | M17: Totale comandati in (2) | N17: TOTALE ONERE PRESENTI IN SERVIZIO (Ruolo + comandati in)
B18: Funzionari | C18: 23501.93 | D18: 904.56 | F18: =+ROUND((C18+D18+E18)/12,2) -> 2033.87 | G18: =+F18+D18+C18+E18 -> 26440.36 | H18: =G18*24.2% -> 6398.5671 | I18: =G18*7.1%*80% -> 1501.8124 | J18: =G18*8.5% -> 2247.4306 | K18: =+ROUND(+G18+H18+I18+J18,2) -> 36588.17 | L18: 2100 | M18: 0 | N18: =+ROUND(+(L18+M18)*K18,2) -> 76835157
B20: Assistenti | C20: 19351.97 | D20: 744.72 | F20: =+ROUND((C20+D20+E20)/12,2) -> 1674.72 | G20: =+F20+D20+C20+E20 -> 21771.41 | H20: =G20*24.2% -> 5268.6812 | I20: =G20*7.1%*80% -> 1236.6161 | J20: =G20*8.5% -> 1850.5699 | K20: =+ROUND(+G20+H20+I20+J20,2) -> 30127.28 | L20: 817 | M20: 0 | N20: =+ROUND(+(L20+M20)*K20,2) -> 24613988
B22: Operatori | C22: 18390.84 | D22: 707.76 | F22: =+ROUND((C22+D22+E22)/12,2) -> 1591.55 | G22: =+F22+D22+C22+E22 -> 20690.15 | H22: =G22*24.2% -> 5007.0163 | I22: =G22*7.1%*80% -> 1175.2005 | J22: =G22*8.5% -> 1758.6628 | K22: =+ROUND(+G22+H22+I22+J22,2) -> 28631.03 | L22: 30 | M22: 0 | N22: =+ROUND(+(L22+M22)*K22,2) -> 858930.9
K24: TOTALE | L24: =+SUM(L7:L22) -> 3002 | M24: =+SUM(M7:M22) -> 2 | N24: =+SUM(N7:N22) -> 1.0588016e+08
B26: NOTE
B27: (1) comprese unità in regime di part-time
B28: (2) o analogo istituto con oneri a carico dell'Amministrazione

Sheet Tab. 3.1  Cessati anno 2023
A1: Funzionario referente | D1: Marco Cittadini | I1: AMMINISTRAZIONE | M1: Tab. 3.1
A2: n. telefono | D2: 06 68188299 | I2: Dipartimento per la Giustizia Minorile e di Comunità
A3: E-mail PEC: | B3: E-mail ______________________________________ | C3: E-mail ______________________________________ | D3: prot.dgmc@giustiziacert.it
A5: Risorse finanziarie personale cessato al 31 dicembre 2023
A6: DIRIGENTI PENITENZIARI | B6: FASCIA | C6: Tabellare al 1/1/2021 (DPCM 25 luglio 2022) | D6: Indennità integrativa speciale | E6: Tredicesima | G6: Retribuzione totale pro capite lordo dipendente | H6: Oneri a carico dello Stato (27,83% su Stipendio a.l. e 24,20% su IIS) | I6: IRAP (8,50%) | J6: Opera Previdenza (5,68% su Stipendio a.l. e 3,41% su IIS) | K6: Totale annuo pro-capite lordo stato | L6: Totale unità cessate | M6: TOTALE RISORSE DA CESSAZIONI
B7: DIRIGENTE GENERALE | C7: 42199.62 | D7: 12155.3 | E7: =+(C7+D7)/12 -> 4529.5767 | G7: =+C7+D7+E7 -> 58884.497 | H7: =+(C7+C7/12)*27.83%+(D7+D7/12)*24.2% -> 15909.548 | I7: =+G7*8.5% -> 5005.1822 | J7: =+(C7+C7/12)*5.68%+(D7+D7/12)*3.41% -> 3045.7203 | K7: =+G7+H7+I7+J7 -> 82844.947
B8: PRIMO DIRIGENTE | C8: 27822.22 | D8: 11128.51 | E8: =+(C8+D8)/12 -> 3245.8942 | G8: =+C8+D8+E8 -> 42196.624 | H8: =+(C8+C8/12)*27.83%+(D8+D8/12)*24.2% -> 11305.692 | I8: =+G8*8.5% -> 3586.7131 | J8: =+(C8+C8/12)*5.68%+(D8+D8/12)*3.41% -> 2123.0996 | K8: =+G8+H8+I8+J8 -> 59212.129
A10: DIRIGENTI | B10: FASCIA | C10: Stipendio CCNL 2019-2021 (13 mensilità) | D10: IVC 2022-2024 per 13 mensilità con ulteriore incremento DDL Bilancio 2024 | G10: Retribuzione totale pro capite lordo dipendente | H10: Pensione 24,2% | I10: Buonuscita 5,68% | J10: IRAP 8,5% | K10: Totale annuo pro-capite lordo stato | L10: Totale unità cessate | M10: TOTALE RISORSE DA CESSAZIONI
B11: PRIMA | C11: 60102.87 | D11: 2314.26 | G11: =+C11+D11 -> 62417.13 | H11: =G11*24.2% -> 15104.945 | I11: =G11*7.1%*80% -> 3545.293 | J11: =G11*8.5% -> 5305.4561 | K11: =+ROUND(+G11+H11+I11+J11,2) -> 86372.82 | M11: =+ROUND(K11*L11,2) -> 0
B12: SECONDA | C12: 47015.77 | D12: 1809.86 | G12: =+C12+D12 -> 48825.63 | H12: =G12*24.2% -> 11815.802 | I12: =G12*7.1%*80% -> 2773.2958 | J12: =G12*8.5% -> 4150.1785 | K12: =+ROUND(+G12+H12+I12+J12,2) -> 67564.91 | L12: 2 | M12: =+ROUND(K12*L12,2) -> 135129.82
A14: AREE | C14: Tabellare + IIS per 12 mensilità CCNL 2019-2021 | D14: IVC 2022-2024 per 12 mensilità con ulteriore incremento DDL Bilancio 2024 | E14: Altra voce retributiva fondamentale | F14: Tredicesima (tabellare + IVC) | G14: Totale annuo pro-capite lordo dipendente | H14: Pensione 24,2% | I14: Buonuscita 5,68% | J14: IRAP 8,5% | K14: Totale annuo pro-capite lordo stato | L14: Totale unità cessate | M14: TOTALE RISORSE DA CESSAZIONI
B15: Funzionari | C15: 23501.93 | D15: 904.56 | F15: =+ROUND((C15+D15+E15)/12,2) -> 2033.87 | G15: =+F15+D15+C15+E15 -> 26440.36 | H15: =G15*24.2% -> 6398.5671 | I15: =G15*7.1%*80% -> 1501.8124 | J15: =G15*8.5% -> 2247.4306 | K15: =+ROUND(+G15+H15+I15+J15,2) -> 36588.17 | L15: =75-1 -> 74 | M15: =+ROUND(K15*L15,2) -> 2707524.6
B17: Assistenti | C17: 19351.97 | D17: 744.72 | F17: =+ROUND((C17+D17+E17)/12,2) -> 1674.72 | G17: =+F17+D17+C17+E17 -> 21771.41 | H17: =G17*24.2% -> 5268.6812 | I17: =G17*7.1%*80% -> 1236.6161 | J17: =G17*8.5% -> 1850.5699 | K17: =+ROUND(+G17+H17+I17+J17,2) -> 30127.28 | L17: 33 | M17: =+ROUND(K17*L17,2) -> 994200.24
B19: Operatori | C19: 18390.84 | D19: 707.76 | F19: =+ROUND((C19+D19+E19)/12,2) -> 1591.55 | G19: =+F19+D19+C19+E19 -> 20690.15 | H19: =G19*24.2% -> 5007.0163 | I19: =G19*7.1%*80% -> 1175.2005 | J19: =G19*8.5% -> 1758.6628 | K19: =+ROUND(+G19+H19+I19+J19,2) -> 28631.03 | L19: 3 | M19: =+ROUND(K19*L19,2) -> 85893.09
I21: di cui | J21: TOTALE Dir. I Fascia | L21: =+L11 -> 0 | M21: =+M11 -> 0
I22: di cui | J22: TOTALE Dir. Pen.+Dir. II fascia+Aree | L22: =+SUM(L12:L20)+L7+L8 -> 112 | M22: =+SUM(M12:M20)+M7+M8 -> 3922747.7
J23: TOTALE complessivo | L23: =+SUM(L7:L20) -> 112 | M23: =+SUM(M7:M20) -> 3922747.7

Sheet Tab. 3.2  Cessati anno 2024
A1: Funzionario referente | D1: Marco Cittadini | I1: AMMINISTRAZIONE | M1: Tab. 3.2
A2: n. telefono | D2: 06 68188299 | I2: Dipartimento per la Giustizia Minorile e di Comunità
A3: E-mail PEC: | B3: E-mail ______________________________________ | C3: E-mail ______________________________________ | D3: prot.dgmc@giustiziacert.it
A5: Risorse finanziarie personale cessato al 31 dicembre 2024
A6: DIRIGENTI PENITENZIARI | B6: FASCIA | C6: Tabellare al 1/1/2021 (DPCM 25 luglio 2022) | D6: Indennità integrativa speciale | E6: Tredicesima | G6: Retribuzione totale pro capite lordo dipendente | H6: Oneri a carico dello Stato (27,83% su Stipendio a.l. e 24,20% su IIS) | I6: IRAP (8,50%) | J6: Opera Previdenza (5,68% su Stipendio a.l. e 3,41% su IIS) | K6: Totale annuo pro-capite lordo stato | L6: Totale unità cessate | M6: TOTALE RISORSE DA CESSAZIONI
B7: DIRIGENTE GENERALE | C7: 42199.62 | D7: 12155.3 | E7: =+(C7+D7)/12 -> 4529.5767 | G7: =+C7+D7+E7 -> 58884.497 | H7: =+(C7+C7/12)*27.83%+(D7+D7/12)*24.2% -> 15909.548 | I7: =+G7*8.5% -> 5005.1822 | J7: =+(C7+C7/12)*5.68%+(D7+D7/12)*3.41% -> 3045.7203 | K7: =+G7+H7+I7+J7 -> 82844.947
B8: PRIMO DIRIGENTE | C8: 27822.22 | D8: 11128.51 | E8: =+(C8+D8)/12 -> 3245.8942 | G8: =+C8+D8+E8 -> 42196.624 | H8: =+(C8+C8/12)*27.83%+(D8+D8/12)*24.2% -> 11305.692 | I8: =+G8*8.5% -> 3586.7131 | J8: =+(C8+C8/12)*5.68%+(D8+D8/12)*3.41% -> 2123.0996 | K8: =+G8+H8+I8+J8 -> 59212.129
A10: DIRIGENTI | B10: FASCIA | C10: Stipendio CCNL 2019-2021 (13 mensilità) | D10: IVC 2022-2024 per 13 mensilità con ulteriore incremento DDL Bilancio 2024 | G10: Retribuzione totale pro capite lordo dipendente | H10: Pensione 24,2% | I10: Buonuscita 5,68% | J10: IRAP 8,5% | K10: Totale annuo pro-capite lordo stato | L10: Totale unità cessate | M10: TOTALE RISORSE DA CESSAZIONI
B11: PRIMA (2) | C11: 60102.87 | D11: 2314.26 | G11: =+C11+D11 -> 62417.13 | H11: =G11*24.2% -> 15104.945 | I11: =G11*7.1%*80% -> 3545.293 | J11: =G11*8.5% -> 5305.4561 | K11: =+ROUND(+G11+H11+I11+J11,2) -> 86372.82 | M11: =+ROUND(K11*L11,2) -> 0
B12: SECONDA | C12: 47015.77 | D12: 1809.86 | G12: =+C12+D12 -> 48825.63 | H12: =G12*24.2% -> 11815.802 | I12: =G12*7.1%*80% -> 2773.2958 | J12: =G12*8.5% -> 4150.1785 | K12: =+ROUND(+G12+H12+I12+J12,2) -> 67564.91 | M12: =+ROUND(K12*L12,2) -> 0
A14: AREE | C14: Tabellare + IIS per 12 mensilità CCNL 2019-2021 | D14: IVC 2022-2024 per 12 mensilità con ulteriore incremento DDL Bilancio 2024 | E14: Altra voce retributiva fondamentale | F14: Tredicesima (tabellare + IVC) | G14: Totale annuo pro-capite lordo dipendente | H14: Pensione 24,2% | I14: Buonuscita 5,68% | J14: IRAP 8,5% | K14: Totale annuo pro-capite lordo stato | L14: Totale unità cessate | M14: TOTALE RISORSE DA CESSAZIONI
B15: Funzionari | C15: 23501.93 | D15: 904.56 | F15: =+ROUND((C15+D15+E15)/12,2) -> 2033.87 | G15: =+F15+D15+C15+E15 -> 26440.36 | H15: =G15*24.2% -> 6398.5671 | I15: =G15*7.1%*80% -> 1501.8124 | J15: =G15*8.5% -> 2247.4306 | K15: =+ROUND(+G15+H15+I15+J15,2) -> 36588.17 | L15: 47 | M15: =+ROUND(K15*L15,2) -> 1719644
B17: Assistenti | C17: 19351.97 | D17: 744.72 | F17: =+ROUND((C17+D17+E17)/12,2) -> 1674.72 | G17: =+F17+D17+C17+E17 -> 21771.41 | H17: =G17*24.2% -> 5268.6812 | I17: =G17*7.1%*80% -> 1236.6161 | J17: =G17*8.5% -> 1850.5699 | K17: =+ROUND(+G17+H17+I17+J17,2) -> 30127.28 | L17: 17 | M17: =+ROUND(K17*L17,2) -> 512163.76
B19: Operatori | C19: 18390.84 | D19: 707.76 | F19: =+ROUND((C19+D19+E19)/12,2) -> 1591.55 | G19: =+F19+D19+C19+E19 -> 20690.15 | H19: =G19*24.2% -> 5007.0163 | I19: =G19*7.1%*80% -> 1175.2005 | J19: =G19*8.5% -> 1758.6628 | K19: =+ROUND(+G19+H19+I19+J19,2) -> 28631.03 | L19: 1 | M19: =+ROUND(K19*L19,2) -> 28631.03
I21: di cui | J21: TOTALE Dir. I Fascia | L21: =+L11 -> 0 | M21: =+M11 -> 0
I22: di cui | J22: TOTALE Dir. Pen.+Dir. II fascia+Aree | L22: =+SUM(L12:L20)+L7+L8 -> 65 | M22: =+SUM(M12:M20)+M7+M8 -> 2260438.8
J23: TOTALE complessivo | L23: =+SUM(L7:L20) -> 65 | M23: =+SUM(M7:M20) -> 2260438.8

Sheet Tab. 3.3  Cessati anno 2025
A1: Funzionario referente | D1: Marco Cittadini | I1: AMMINISTRAZIONE | M1: Tab. 3.3
A2: n. telefono | D2: 06 68188299 | I2: Dipartimento per la Giustizia Minorile e di Comunità
A3: E-mail PEC: | B3: E-mail ______________________________________ | C3: E-mail ______________________________________ | D3: prot.dgmc@giustiziacert.it
A5: Risorse finanziarie personale cessato al 31 dicembre 2025
A6: DIRIGENTI PENITENZIARI | B6: FASCIA | C6: Tabellare al 1/1/2021 (DPCM 25 luglio 2022) | D6: Indennità integrativa speciale | E6: Tredicesima | G6: Retribuzione totale pro capite lordo dipendente | H6: Oneri a carico dello Stato (27,83% su Stipendio a.l. e 24,20% su IIS) | I6: IRAP (8,50%) | J6: Opera Previdenza (5,68% su Stipendio a.l. e 3,41% su IIS) | K6: Totale annuo pro-capite lordo stato | L6: Totale unità cessate | M6: TOTALE RISORSE DA CESSAZIONI
B7: DIRIGENTE GENERALE | C7: 42199.62 | D7: 12155.3 | E7: =+(C7+D7)/12 -> 4529.5767 | G7: =+C7+D7+E7 -> 58884.497 | H7: =+(C7+C7/12)*27.83%+(D7+D7/12)*24.2% -> 15909.548 | I7: =+G7*8.5% -> 5005.1822 | J7: =+(C7+C7/12)*5.68%+(D7+D7/12)*3.41% -> 3045.7203 | K7: =+G7+H7+I7+J7 -> 82844.947
B8: PRIMO DIRIGENTE | C8: 27822.22 | D8: 11128.51 | E8: =+(C8+D8)/12 -> 3245.8942 | G8: =+C8+D8+E8 -> 42196.624 | H8: =+(C8+C8/12)*27.83%+(D8+D8/12)*24.2% -> 11305.692 | I8: =+G8*8.5% -> 3586.7131 | J8: =+(C8+C8/12)*5.68%+(D8+D8/12)*3.41% -> 2123.0996 | K8: =+G8+H8+I8+J8 -> 59212.129
A10: DIRIGENTI | B10: FASCIA | C10: Stipendio CCNL 2019-2021 (13 mensilità) | D10: IVC 2022-2024 per 13 mensilità con ulteriore incremento DDL Bilancio 2024 | G10: Retribuzione totale pro capite lordo dipendente | H10: Pensione 24,2% | I10: Buonuscita 5,68% | J10: IRAP 8,5% | K10: Totale annuo pro-capite lordo stato | L10: Totale unità cessate | M10: TOTALE RISORSE DA CESSAZIONI
B11: PRIMA | C11: 60102.87 | D11: 2314.26 | G11: =+C11+D11 -> 62417.13 | H11: =G11*24.2% -> 15104.945 | I11: =G11*7.1%*80% -> 3545.293 | J11: =G11*8.5% -> 5305.4561 | K11: =+ROUND(+G11+H11+I11+J11,2) -> 86372.82 | M11: =+ROUND(K11*L11,2) -> 0
B12: SECONDA | C12: 47015.77 | D12: 1809.86 | G12: =+C12+D12 -> 48825.63 | H12: =G12*24.2% -> 11815.802 | I12: =G12*7.1%*80% -> 2773.2958 | J12: =G12*8.5% -> 4150.1785 | K12: =+ROUND(+G12+H12+I12+J12,2) -> 67564.91 | L12: 2 | M12: =+ROUND(K12*L12,2) -> 135129.82
A14: AREE | C14: Tabellare + IIS per 12 mensilità CCNL 2019-2021 | D14: IVC 2022-2024 per 12 mensilità con ulteriore incremento DDL Bilancio 2024 | E14: Altra voce retributiva fondamentale | F14: Tredicesima (tabellare + IVC) | G14: Totale annuo pro-capite lordo dipendente | H14: Pensione 24,2% | I14: Buonuscita 5,68% | J14: IRAP 8,5% | K14: Totale annuo pro-capite lordo stato | L14: Totale unità cessate | M14: TOTALE RISORSE DA CESSAZIONI
B15: Funzionari | C15: 23501.93 | D15: 904.56 | F15: =+ROUND((C15+D15+E15)/12,2) -> 2033.87 | G15: =+F15+D15+C15+E15 -> 26440.36 | H15: =G15*24.2% -> 6398.5671 | I15: =G15*7.1%*80% -> 1501.8124 | J15: =G15*8.5% -> 2247.4306 | K15: =+ROUND(+G15+H15+I15+J15,2) -> 36588.17 | L15: 59 | M15: =+ROUND(K15*L15,2) -> 2158702
B17: Assistenti | C17: 19351.97 | D17: 744.72 | F17: =+ROUND((C17+D17+E17)/12,2) -> 1674.72 | G17: =+F17+D17+C17+E17 -> 21771.41 | H17: =G17*24.2% -> 5268.6812 | I17: =G17*7.1%*80% -> 1236.6161 | J17: =G17*8.5% -> 1850.5699 | K17: =+ROUND(+G17+H17+I17+J17,2) -> 30127.28 | L17: 22 | M17: =+ROUND(K17*L17,2) -> 662800.16
B19: Operatori | C19: 18390.84 | D19: 707.76 | F19: =+ROUND((C19+D19+E19)/12,2) -> 1591.55 | G19: =+F19+D19+C19+E19 -> 20690.15 | H19: =G19*24.2% -> 5007.0163 | I19: =G19*7.1%*80% -> 1175.2005 | J19: =G19*8.5% -> 1758.6628 | K19: =+ROUND(+G19+H19+I19+J19,2) -> 28631.03 | M19: =+ROUND(K19*L19,2) -> 0
I21: di cui | J21: TOTALE Dir. I Fascia | L21: =+L11 -> 0 | M21: =+M11 -> 0
I22: di cui | J22: TOTALE Dir. Pen.+Dir. II fascia+Aree | L22: =+SUM(L12:L20)+L7+L8 -> 83 | M22: =+SUM(M12:M20)+M7+M8 -> 2956632
J23: TOTALE complessivo | L23: =+SUM(L7:L20) -> 83 | M23: =+SUM(M7:M20) -> 2956632

Sheet Tab. 3.4  Cessati anno 2026
A1: Funzionario referente | D1: Marco Cittadini | I1: AMMINISTRAZIONE | M1: Tab. 3.4
A2: n. telefono | D2: 06 68188299 | I2: Dipartimento per la Giustizia Minorile e di Comunità
A3: E-mail PEC: | B3: E-mail ______________________________________ | C3: E-mail ______________________________________ | D3: prot.dgmc@giustiziacert.it
A5: Risorse finanziarie personale cessato al 31 dicembre 2026
A6: DIRIGENTI PENITENZIARI | B6: FASCIA | C6: Tabellare al 1/1/2021 (DPCM 25 luglio 2022) | D6: Indennità integrativa speciale | E6: Tredicesima | G6: Retribuzione totale pro capite lordo dipendente | H6: Oneri a carico dello Stato (27,83% su Stipendio a.l. e 24,20% su IIS) | I6: IRAP (8,50%) | J6: Opera Previdenza (5,68% su Stipendio a.l. e 3,41% su IIS) | K6: Totale annuo pro-capite lordo stato | L6: Totale unità cessate | M6: TOTALE RISORSE DA CESSAZIONI
B7: DIRIGENTE GENERALE | C7: 42199.62 | D7: 12155.3 | E7: =+(C7+D7)/12 -> 4529.5767 | G7: =+C7+D7+E7 -> 58884.497 | H7: =+(C7+C7/12)*27.83%+(D7+D7/12)*24.2% -> 15909.548 | I7: =+G7*8.5% -> 5005.1822 | J7: =+(C7+C7/12)*5.68%+(D7+D7/12)*3.41% -> 3045.7203 | K7: =+G7+H7+I7+J7 -> 82844.947
B8: PRIMO DIRIGENTE | C8: 27822.22 | D8: 11128.51 | E8: =+(C8+D8)/12 -> 3245.8942 | G8: =+C8+D8+E8 -> 42196.624 | H8: =+(C8+C8/12)*27.83%+(D8+D8/12)*24.2% -> 11305.692 | I8: =+G8*8.5% -> 3586.7131 | J8: =+(C8+C8/12)*5.68%+(D8+D8/12)*3.41% -> 2123.0996 | K8: =+G8+H8+I8+J8 -> 59212.129
A10: DIRIGENTI | B10: FASCIA | C10: Stipendio CCNL 2019-2021 (13 mensilità) | D10: IVC 2022-2024 per 13 mensilità con ulteriore incremento DDL Bilancio 2024 | G10: Retribuzione totale pro capite lordo dipendente | H10: Pensione 24,2% | I10: Buonuscita 5,68% | J10: IRAP 8,5% | K10: Totale annuo pro-capite lordo stato | L10: Totale unità cessate | M10: TOTALE RISORSE DA CESSAZIONI
B11: PRIMA | C11: 60102.87 | D11: 2314.26 | G11: =+C11+D11 -> 62417.13 | H11: =G11*24.2% -> 15104.945 | I11: =G11*7.1%*80% -> 3545.293 | J11: =G11*8.5% -> 5305.4561 | K11: =+ROUND(+G11+H11+I11+J11,2) -> 86372.82 | M11: =+ROUND(K11*L11,2) -> 0
B12: SECONDA | C12: 47015.77 | D12: 1809.86 | G12: =+C12+D12 -> 48825.63 | H12: =G12*24.2% -> 11815.802 | I12: =G12*7.1%*80% -> 2773.2958 | J12: =G12*8.5% -> 4150.1785 | K12: =+ROUND(+G12+H12+I12+J12,2) -> 67564.91 | M12: =+ROUND(K12*L12,2) -> 0
A14: AREE | C14: Tabellare + IIS per 12 mensilità CCNL 2019-2021 | D14: IVC 2022-2024 per 12 mensilità con ulteriore incremento DDL Bilancio 2024 | E14: Altra voce retributiva fondamentale | F14: Tredicesima (tabellare + IVC) | G14: Totale annuo pro-capite lordo dipendente | H14: Pensione 24,2% | I14: Buonuscita 5,68% | J14: IRAP 8,5% | K14: Totale annuo pro-capite lordo stato | L14: Totale unità cessate | M14: TOTALE RISORSE DA CESSAZIONI
B15: Funzionari | C15: 23501.93 | D15: 904.56 | F15: =+ROUND((C15+D15+E15)/12,2) -> 2033.87 | G15: =+F15+D15+C15+E15 -> 26440.36 | H15: =G15*24.2% -> 6398.5671 | I15: =G15*7.1%*80% -> 1501.8124 | J15: =G15*8.5% -> 2247.4306 | K15: =+ROUND(+G15+H15+I15+J15,2) -> 36588.17 | L15: 67 | M15: =+ROUND(K15*L15,2) -> 2451407.4
B17: Assistenti | C17: 19351.97 | D17: 744.72 | F17: =+ROUND((C17+D17+E17)/12,2) -> 1674.72 | G17: =+F17+D17+C17+E17 -> 21771.41 | H17: =G17*24.2% -> 5268.6812 | I17: =G17*7.1%*80% -> 1236.6161 | J17: =G17*8.5% -> 1850.5699 | K17: =+ROUND(+G17+H17+I17+J17,2) -> 30127.28 | L17: 31 | M17: =+ROUND(K17*L17,2) -> 933945.68
B19: Operatori | C19: 18390.84 | D19: 707.76 | F19: =+ROUND((C19+D19+E19)/12,2) -> 1591.55 | G19: =+F19+D19+C19+E19 -> 20690.15 | H19: =G19*24.2% -> 5007.0163 | I19: =G19*7.1%*80% -> 1175.2005 | J19: =G19*8.5% -> 1758.6628 | K19: =+ROUND(+G19+H19+I19+J19,2) -> 28631.03 | L19: 4 | M19: =+ROUND(K19*L19,2) -> 114524.12
I21: di cui | J21: TOTALE Dir. I Fascia | L21: =+L11 -> 0 | M21: =+M11 -> 0
I22: di cui | J22: TOTALE Dir. Pen.+Dir. II fascia+Aree | L22: =+SUM(L12:L20)+L7+L8 -> 102 | M22: =+SUM(M12:M20)+M7+M8 -> 3499877.2
J23: TOTALE complessivo | L23: =+SUM(L7:L20) -> 102 | M23: =+SUM(M7:M20) -> 3499877.2

Sheet Tab 4.1 Bandire e assumere 2024
A1: Funzionario referente | D1: Marco Cittadini | I1: AMMINISTRAZIONE | N1: Tab. 4.1
A2: n. telefono | D2: 06 68188299 | I2: Dipartimento per la Giustizia Minorile e di Comunità
A3: E-mail PEC: | B3: E-mail ______________________________________ | C3: E-mail ______________________________________ | D3: prot.dgmc@giustiziacert.it
A6: Programma bandire/assumere 2024
A7: Dirigenti Penitenziari | B7: FASCIA | C7: Costo annuo pro-capite (lordo Stato)
D8: TIPOLOGIA DI RECLUTAMENTO
D9: (indicare n° unità per ogni tipologia)
D10: Concorso pubblico (1) | E10: Scorrimento graduatorie (2) | F10: Art. 28, comma 1-ter d. lgs. 165/2001 (3) | G10: Stabilizzazioni (4) | H10: Mobilità da altre PPAA | I10: Corso-concorso SNA (5) | K10: Unità da assumere annualità 2024 | L10: Valore finanziario Unità da assumere annualità 2024
B11: DIRIGENTE GENERALE | C11: =+'Tab.1 valore finanziario D.O.'!K8 -> 82844.947 | K11: =SUM(D11:J11) -> 0 | L11: =K11*C11 -> 0
B12: PRIMO DIRIGENTE | C12: =+'Tab.1 valore finanziario D.O.'!K9 -> 59212.129 | K12: =SUM(D12:J12) -> 0 | L12: =K12*C12 -> 0
A14: Dirigenti | B14: FASCIA | C14: Costo annuo pro-capite (lordo Stato)
D15: TIPOLOGIA DI RECLUTAMENTO
D16: (indicare n° unità per ogni tipologia)
D17: Concorso pubblico (1) | E17: Scorrimento graduatorie (2) | F17: Art. 28, comma 1-ter d. lgs. 165/2001 (3) | G17: Stabilizzazioni (4) | H17: Mobilità da altre PPAA | I17: 10° Corso-concorso SNA (5) | K17: Unità da assumere annualità 2024 | L17: Valore finanziario Unità da assumere annualità 2024
B18: PRIMA | C18: =+'Tab.1 valore finanziario D.O.'!K12 -> 86372.82 | K18: =SUM(D18:J18) -> 0 | L18: =K18*C18 -> 0
B19: SECONDA | C19: =+'Tab.1 valore finanziario D.O.'!K13 -> 67564.91 | I19: 1 | K19: =SUM(D19:J19) -> 1 | L19: =K19*C19 -> 67564.91
A21: AREE/ CATEGORIE/ QUALIFICHE | C21: Costo annuo pro-capite (lordo Stato)
D22: TIPOLOGIA DI RECLUTAMENTO
D23: (indicare n° unità per ogni tipologia)
D24: Concorso pubblico (1) | E24: Scorrimento graduatorie (2) | F24: Progressioni di carriera (art. 52 d. lgs. 165/2001) | G24: Stabilizzazioni (4) | H24: Mobilità da altre PPAA | I24: Riammissione in servizio | J24: Inquadramento ex art. 18 CCNL sul turnover (7) | K24: Unità da assumere annualità 2024 | L24: Valore finanziario Unità da assumere annualità 2024 | N24: Inquadramento ex art. 18 CCNL sullo 0,55% del Monte Salari 2018 (8)
A25: Area EP | C25: =+'Tab.1 valore finanziario D.O.'!K16 -> 50297.42 | K25: =SUM(D25:J25) -> 0 | L25: =+ROUND(K25*C25,2) -> 0
A26: EP - Progressioni verticali | K26: =SUM(D26:J26) -> 0 | L26: =+ROUND(K26*C26,2) -> 0
A28: Area Funzionari | C28: =+'Tab.1 valore finanziario D.O.'!K19 -> 36588.17 | E28: 84 | I28: 4 | K28: =SUM(D28:J28) -> 88 | L28: =+ROUND(K28*C28,2) -> 3219759
A29: Area Funzionari | B29: Progressioni verticali | C29: =+C28-C31 -> 6460.89 | K29: =SUM(D29:J29) -> 0 | L29: =+ROUND(K29*C29,2) -> 0
A31: Area Assistenti | C31: =+'Tab.1 valore finanziario D.O.'!K21 -> 30127.28 | E31: 21 | K31: =SUM(D31:J31) -> 21 | L31: =+ROUND(K31*C31,2) -> 632672.88
A32: Area Assistenti | B32: Progressioni verticali | C32: =+C31-C34 -> 1496.25 | K32: =SUM(D32:J32) -> 0 | L32: =+ROUND(K32*C32,2) -> 0
A34: Area Operatori | C34: =+'Tab.1 valore finanziario D.O.'!K23 -> 28631.03 | K34: =SUM(D34:J34) -> 0 | L34: =+ROUND(K34*C34,2) -> 0
C36: TOTALE | D36: =+SUM(D18:D34) -> 0 | E36: =+SUM(E18:E34) -> 105 | F36: =+SUM(F18:F34) -> 0 | G36: =+SUM(G18:G34) -> 0 | H36: =+SUM(H18:H34) -> 0 | I36: =+SUM(I18:I34) -> 5 | J36: =+SUM(J18:J34) -> 0 | K36: =+SUM(K11:K34) -> 110 | L36: =+SUM(L11:L34) -> 3919996.8 | N36: =+SUM(N25:N35) -> 0
A39: (6) Indicare, nella riga in corrispondenza con il differenziale retributivo, le unità che gravano sul turnover. NB. le PV sono subordinate all'individuazione delle famiglie professionali
A40: (7) Indicare, nella riga in corrispondenza con il differenziale retributivo, solo le unità che gravano sul turnover ma che rientrano nella procedura transitoria (art. 18 CCNL 2019-2021). NB. le PV sono subordinate all'individuazione delle famiglie professionali
A41: (8) Indicare, a titolo ricognitivo, le unità che si prevede di inquadrare ex art. 18 CCNL 2019-2021 sullo 0,55% del Monte Salari 2018

Sheet Tab. 4.2 Assunzioni  2024
A1: Funzionario referente | D1: Marco Cittadini | I1: AMMINISTRAZIONE | M1: Budget anno 2024 (2) | T1: Tab. 4.2
A2: n. telefono | D2: 06 68188299 | I2: Dipartimento per la Giustizia Minorile e di Comunità | M2: =+'Tab. 3.1 Cessati anno 2023'!M22 -> 3922747.7
A3: E-mail PEC: | B3: E-mail ______________________________________ | C3: E-mail ______________________________________ | D3: prot.dgmc@giustiziacert.it
A5: Assunzioni programmate anno 2024 (1)
A6: DIRIGENTI PENITENZIARI | B6: FASCIA | C6: Tabellare al 1/1/2021 (DPCM 25 luglio 2022) | D6: Indennità integrativa speciale | E6: Tredicesima | G6: Retribuzione totale pro capite lordo dipendente | H6: Oneri a carico dello Stato (27,83% su Stipendio a.l. e 24,20% su IIS) | I6: IRAP (8,50%) | J6: Opera Previdenza (5,68% su Stipendio a.l. e 3,41% su IIS) | K6: Totale annuo pro-capite lordo stato | L6: Totale unità da assumere sul budget 2024 (3) | M6: Totale unità da assumere su budget già autorizzato da d.P.C.M. 10/11/2023 | T6: TOTALE ONERI ASSUNZIONALI
B7: DIRIGENTE GENERALE | C7: 42199.62 | D7: 12155.3 | E7: =+(C7+D7)/12 -> 4529.5767 | G7: =+C7+D7+E7 -> 58884.497 | H7: =+(C7+C7/12)*27.83%+(D7+D7/12)*24.2% -> 15909.548 | I7: =+G7*8.5% -> 5005.1822 | J7: =+(C7+C7/12)*5.68%+(D7+D7/12)*3.41% -> 3045.7203 | K7: =+G7+H7+I7+J7 -> 82844.947 | T7: =+ROUND(+(L7+M7+Q7+N7+O7+P7+R7+S7)*K7,2) -> 0
B8: PRIMO DIRIGENTE | C8: 27822.22 | D8: 11128.51 | E8: =+(C8+D8)/12 -> 3245.8942 | G8: =+C8+D8+E8 -> 42196.624 | H8: =+(C8+C8/12)*27.83%+(D8+D8/12)*24.2% -> 11305.692 | I8: =+G8*8.5% -> 3586.7131 | J8: =+(C8+C8/12)*5.68%+(D8+D8/12)*3.41% -> 2123.0996 | K8: =+G8+H8+I8+J8 -> 59212.129 | M8: 1 | T8: =+ROUND(+(L8+M8+Q8+N8+O8+P8+R8+S8)*K8,2) -> 59212.13
A10: DIRIGENTI | B10: FASCIA | C10: Stipendio CCNL 2019-2021 (13 mensilità) | D10: IVC 2022-2024 per 13 mensilità con ulteriore incremento DDL Bilancio 2024 | G10: Retribuzione totale pro capite lordo dipendente | H10: Pensione 24,2% | I10: Buonuscita 5,68% | J10: IRAP 8,5% | K10: Totale annuo pro-capite lordo stato | L10: Totale unità da assumere sul budget 2024 (3) | M10: Totale unità da assumere su budget già autorizzato da d.P.C.M. 29/03/2022 | N10: Totale unità da assumere su budget già autorizzato da d.P.C.M. 10/11/2023 | O10: Totale unità da assumere su budget già autorizzato da d.P.C.M. 11/05/2023 | P10: Totale unità da assumere su budget già autorizzato da d.P.C.M. 22/07/2022 | T10: TOTALE ONERI ASSUNZIONALI
B11: PRIMA | C11: 60102.87 | D11: 2314.26 | G11: =+C11+D11 -> 62417.13 | H11: =G11*24.2% -> 15104.945 | I11: =G11*7.1%*80% -> 3545.293 | J11: =G11*8.5% -> 5305.4561 | K11: =+ROUND(+G11+H11+I11+J11,2) -> 86372.82 | T11: =+ROUND(+(L11+M11+Q11+N11+O11+P11+R11+S11)*K11,2) -> 0
B12: SECONDA | C12: 47015.77 | D12: 1809.86 | G12: =+C12+D12 -> 48825.63 | H12: =G12*24.2% -> 11815.802 | I12: =G12*7.1%*80% -> 2773.2958 | J12: =G12*8.5% -> 4150.1785 | K12: =+ROUND(+G12+H12+I12+J12,2) -> 67564.91 | L12: 1 | M12: 2 | N12: 1 | O12: 2 | P12: 1 | T12: =+ROUND(+(L12+M12+Q12+N12+O12+P12+R12+S12)*K12,2) -> 472954.37
A14: AREE | C14: Stipendio CCNL 2019-2021 (13 mensilità) | D14: IVC 2022-2024 per 13 mensilità con ulteriore incremento DDL Bilancio 2024 | E14: Retribuzione di posizione variabile | F14: Retribuzione di risultato | G14: Retribuzione totale pro capite lordo dipendente | H14: Oneri riflessi 38,38% (32,70% su retribuzione di risultato) | K14: Totale annuo pro-capite lordo stato | L14: Totale unità da assumere sul budget 2024 (3) | M14: Totale unità da assumere su budget già autorizzato da d.P.C.M. …. (4) | T14: TOTALE ONERI ASSUNZIONALI
B15: EP | C15: 35000 | D15: 1347.32 | G15: =+C15+D15+E15+F15 -> 36347.32 | H15: =+(C15+D15+E15)*38.38%+(F15*32.7%) -> 13950.101 | K15: =+ROUND(+G15+H15+I15+J15,2) -> 50297.42 | T15: =+ROUND(+(L15+M15+Q15+N15+O15+P15+R15+S15)*K15,2) -> 0
B16: EP (PV) | T16: =+ROUND(+(L16+M16+Q16+N16+O16+P16+R16+S16)*K16,2) -> 0
C18: Tabellare + IIS per 12 mensilità CCNL 2019-2021 | D18: IVC 2022-2024 per 12 mensilità con ulteriore incremento DDL Bilancio 2024 | E18: Altra voce retributiva fondamentale | F18: Tredicesima (tabellare + IVC) | G18: Totale annuo pro-capite lordo dipendente | H18: Pensione 24,2% | I18: Buonuscita 5,68% | J18: IRAP 8,5% | K18: Totale annuo pro-capite lordo stato | L18: Totale unità da assumere sul budget 2024 * | M18: Totale unità da assumere su budget già autorizzato da d.P.C.M. 10/11/2023 | N18: Totale unità da assumere su budget già autorizzato da d.P.C.M. 11/05/2023 | O18: Totale unità da assumere su budget già autorizzato da d.P.C.M. 22/07/2022 | P18: Totale unità da assumere su budget già autorizzato da d.P.C.M. 15/11/2018 | Q18: Totale unità da assumere ex lege DL 36/2022 -Legge 79/2022 | R18: Totale unità da assumere ex lege Legge 160/2019 | S18: Totale unità da assumere ex lege Legge 145/2018 | T18: TOTALE ONERI ASSUNZIONALI
B19: Funzionari | C19: 23501.93 | D19: 904.56 | F19: =+ROUND((C19+D19+E19)/12,2) -> 2033.87 | G19: =+F19+D19+C19+E19 -> 26440.36 | H19: =G19*24.2% -> 6398.5671 | I19: =G19*7.1%*80% -> 1501.8124 | J19: =G19*8.5% -> 2247.4306 | K19: =+ROUND(+G19+H19+I19+J19,2) -> 36588.17 | L19: 88 | M19: 46 | N19: =45+8 -> 53 | Q19: =421+8+57 -> 486 | R19: 40 | T19: =+ROUND(+(L19+M19+Q19+N19+O19+P19+R19+S19)*K19,2) -> 26087365
B20: Funzionari (PV) | K20: =+K19-K22 -> 6460.89 | T20: =+ROUND(+(L20+M20+Q20+N20+O20+P20+R20+S20)*K20,2) -> 0
B22: Assistenti | C22: 19351.97 | D22: 744.72 | F22: =+ROUND((C22+D22+E22)/12,2) -> 1674.72 | G22: =+F22+D22+C22+E22 -> 21771.41 | H22: =G22*24.2% -> 5268.6812 | I22: =G22*7.1%*80% -> 1236.6161 | J22: =G22*8.5% -> 1850.5699 | K22: =+ROUND(+G22+H22+I22+J22,2) -> 30127.28 | L22: 21 | M22: 16 | N22: 29 | O22: 25 | P22: 7 | Q22: 68 | S22: 16 | T22: =+ROUND(+(L22+M22+Q22+N22+O22+P22+R22+S22)*K22,2) -> 5483165
B23: Assistenti (PV) | K23: =+K22-K25 -> 1496.25 | T23: =+ROUND(+(L23+M23+Q23+N23+O23+P23+R23+S23)*K23,2) -> 0
B25: Operatori | C25: 18390.84 | D25: 707.76 | F25: =+ROUND((C25+D25+E25)/12,2) -> 1591.55 | G25: =+F25+D25+C25+E25 -> 20690.15 | H25: =G25*24.2% -> 5007.0163 | I25: =G25*7.1%*80% -> 1175.2005 | J25: =G25*8.5% -> 1758.6628 | K25: =+ROUND(+G25+H25+I25+J25,2) -> 28631.03 | T25: =+ROUND(+(L25+M25+Q25+N25+O25+P25+R25+S25)*K25,2) -> 0
K27: TOTALE | L27: =+SUM(L7:L26) -> 110 | M27: =+SUM(M7:M26) -> 65 | N27: =+SUM(N7:N26) -> 83 | O27: =+SUM(O7:O26) -> 27 | P27: =+SUM(P7:P26) -> 8 | Q27: =+SUM(Q7:Q26) -> 554 | R27: =+SUM(R7:R26) -> 40 | S27: =+SUM(S7:S26) -> 16 | T27: =+SUM(T7:T26) -> 32102697
A28: * Nell'anno 2024 sono previste, inoltre, n. 33 assunzioni di categorie protette da inquadrare nell'area degli Assistenti | T28: DI CUI:
Q29: TOTALE ONERI SU BUDGET 2024 | T29: =+ROUND(+($L$11*$K$11)+($K$12*$L$12)+($K$19*$L$19)+($K$20*$L$20)+($K$22*$L$22)+($K$23*$L$23)+($K$25*$L$25)+($K$15*$L$15)+($K$16*$L$16)+($K$8*$L$8)+($K$7*$L$7),2) -> 3919996.8
Q30: Totale oneri da assumere su budget già autorizzato da d.P.C.M. …. | T30: =ROUND(((M19+N19+O19+P19)*K19)+((M22+N22+O22+P22)*K22)+((M12+N12+O12+P12)*K12)+((M8+N8+O8+P8)*K8),2) -> 6406631
Q31: TOTALE ONERI SU LEGGE…… | T31: =ROUND(((Q19+R19+S19)*K19)+((Q22+R22+S22)*K22),2) -> 21776069
A33: NOTE
A34: (1) Questa tabella va compilata per ciascuno degli anni della programmazione
A35: (2) Indicare il budget o cumulo di di budgets di cui si chiede l'autorizzazione
A36: (3) Indicare le unità sul budget di riferimento coerenti con la programmazione indicata in tabella "4.1 Bandire e assumere 2024".
A37: (4) Indicare le unità già autorizzate da d.P.C.M. che si prevede di assumere nell'anno di riferimento, anche a seguito di rimodulazione.
A38: (5) Indicare le risorse stanziate da norme di autorizzazione ad assunzioni in deroga (aggiungere colonne qualora vi sia più di una autorizzazione ex lege), che si intende impiegare nell'anno preso in considerazione. Tuttavia, al fine di rendere le grandezze del piano omogenee, le risorse stanziate da leggi in deroga e gli oneri derivanti dalle unità che si intende assumere sono nettizzate in tabella dalle componenti accessorie della retribuzione. Prevedere una colonna anche per le PV ex art. 18 CCNL (7) sul 0,55% del Monte Salari 2018.

Sheet Tab. 4.3 Assunzioni 2025
A1: Funzionario referente | D1: Marco Cittadini | I1: AMMINISTRAZIONE | M1: Budget anno 2025 (2) | S1: Tab. 4.3
A2: n. telefono | D2: 06 68188299 | I2: Dipartimento per la Giustizia Minorile e di Comunità | M2: =+'Tab. 3.2 Cessati anno 2024'!M22 -> 2260438.8
A3: E-mail PEC: | B3: E-mail ______________________________________ | C3: E-mail ______________________________________ | D3: prot.dgmc@giustiziacert.it
A5: Assunzioni programmate anno 2025 (1)
A6: DIRIGENTI PENITENZIARI | B6: FASCIA | C6: Tabellare al 1/1/2021 (DPCM 25 luglio 2022) | D6: Indennità integrativa speciale | E6: Tredicesima | G6: Retribuzione totale pro capite lordo dipendente | H6: Oneri a carico dello Stato (27,83% su Stipendio a.l. e 24,20% su IIS) | I6: IRAP (8,50%) | J6: Opera Previdenza (5,68% su Stipendio a.l. e 3,41% su IIS) | K6: Totale annuo pro-capite lordo stato | L6: Totale unità da assumere sul budget 2025 (3) | M6: Totale unità da assumere su budget già autorizzato da d.P.C.M. …. (4) | Q6: Totale unità da assumere ex lege ….. (5) | S6: TOTALE ONERI ASSUNZIONALI
B7: DIRIGENTE GENERALE | C7: 42199.62 | D7: 12155.3 | E7: =+(C7+D7)/12 -> 4529.5767 | G7: =+C7+D7+E7 -> 58884.497 | H7: =+(C7+C7/12)*27.83%+(D7+D7/12)*24.2% -> 15909.548 | I7: =+G7*8.5% -> 5005.1822 | J7: =+(C7+C7/12)*5.68%+(D7+D7/12)*3.41% -> 3045.7203 | K7: =+G7+H7+I7+J7 -> 82844.947 | S7: =+ROUND(+(L7+M7+Q7+N7+O7+P7+R7)*K7,2) -> 0
B8: PRIMO DIRIGENTE | C8: 27822.22 | D8: 11128.51 | E8: =+(C8+D8)/12 -> 3245.8942 | G8: =+C8+D8+E8 -> 42196.624 | H8: =+(C8+C8/12)*27.83%+(D8+D8/12)*24.2% -> 11305.692 | I8: =+G8*8.5% -> 3586.7131 | J8: =+(C8+C8/12)*5.68%+(D8+D8/12)*3.41% -> 2123.0996 | K8: =+G8+H8+I8+J8 -> 59212.129 | S8: =+ROUND(+(L8+M8+Q8+N8+O8+P8+R8)*K8,2) -> 0
A10: DIRIGENTI | B10: FASCIA | C10: Stipendio CCNL 2019-2021 (13 mensilità) | D10: IVC 2022-2024 per 13 mensilità con ulteriore incremento DDL Bilancio 2024 | G10: Retribuzione totale pro capite lordo dipendente | H10: Pensione 24,2% | I10: Buonuscita 5,68% | J10: IRAP 8,5% | K10: Totale annuo pro-capite lordo stato | L10: Totale unità da assumere sul budget 2025 (3) | M10: Totale unità da assumere su budget già autorizzato da d.P.C.M. …. (4) | Q10: Totale unità da assumere ex lege ….. (5) | S10: TOTALE ONERI ASSUNZIONALI
B11: PRIMA | C11: 60102.87 | D11: 2314.26 | G11: =+C11+D11 -> 62417.13 | H11: =G11*24.2% -> 15104.945 | I11: =G11*7.1%*80% -> 3545.293 | J11: =G11*8.5% -> 5305.4561 | K11: =+ROUND(+G11+H11+I11+J11,2) -> 86372.82 | S11: =+ROUND(+(L11+M11+Q11+N11+O11+P11+R11)*K11,2) -> 0
B12: SECONDA | C12: 47015.77 | D12: 1809.86 | G12: =+C12+D12 -> 48825.63 | H12: =G12*24.2% -> 11815.802 | I12: =G12*7.1%*80% -> 2773.2958 | J12: =G12*8.5% -> 4150.1785 | K12: =+ROUND(+G12+H12+I12+J12,2) -> 67564.91 | S12: =+ROUND(+(L12+M12+Q12+N12+O12+P12+R12)*K12,2) -> 0
A14: AREE | C14: Stipendio CCNL 2019-2021 (13 mensilità) | D14: IVC 2022-2024 per 13 mensilità con ulteriore incremento DDL Bilancio 2024 | E14: Retribuzione di posizione variabile | F14: Retribuzione di risultato | G14: Retribuzione totale pro capite lordo dipendente | H14: Oneri riflessi 38,38% (32,70% su retribuzione di risultato) | K14: Totale annuo pro-capite lordo stato | L14: Totale unità da assumere sul budget 2025 (3) | M14: Totale unità da assumere su budget già autorizzato da d.P.C.M. …. (4) | Q14: Totale unità da assumere ex lege ….. (5) | S14: TOTALE ONERI ASSUNZIONALI
B15: EP | C15: 35000 | D15: 1347.32 | G15: =+C15+D15+E15+F15 -> 36347.32 | H15: =+(C15+D15+E15)*38.38%+(F15*32.7%) -> 13950.101 | K15: =+IF(E15<>0,+ROUND(+G15+H15+I15+J15,2),"0") -> 0 | S15: =+ROUND(+(L15+M15+Q15+N15+O15+P15+R15)*K15,2) -> 0
B16: EP (PV) | S16: =+ROUND(+(L16+M16+Q16+N16+O16+P16+R16)*K16,2) -> 0
C18: Tabellare + IIS per 12 mensilità CCNL 2019-2021 | D18: IVC 2022-2024 per 12 mensilità con ulteriore incremento DDL Bilancio 2024 | E18: Altra voce retributiva fondamentale | F18: Tredicesima (tabellare + IVC) | G18: Totale annuo pro-capite lordo dipendente | H18: Pensione 24,2% | I18: Buonuscita 5,68% | J18: IRAP 8,5% | K18: Totale annuo pro-capite lordo stato | L18: Totale unità da assumere sul budget 2025 (3) | M18: Totale unità da assumere su budget già autorizzato da d.P.C.M. 10/11/2023 | N18: Totale unità da assumere su budget già autorizzato da d.P.C.M. 11/05/2023 | O18: Totale unità da assumere su budget già autorizzato da d.P.C.M. 22/07/2022 | P18: Totale unità da assumere su budget già autorizzato da d.P.C.M. 20/08/2019 | Q18: Totale unità da assumere ex lege DL 36/2022 -Legge 79/2022 | R18: Totale unità da assumere ex lege Legge 178/2020 | S18: TOTALE ONERI ASSUNZIONALI
B19: Funzionari | C19: 23501.93 | D19: 904.56 | F19: =+ROUND((C19+D19+E19)/12,2) -> 2033.87 | G19: =+F19+D19+C19+E19 -> 26440.36 | H19: =G19*24.2% -> 6398.5671 | I19: =G19*7.1%*80% -> 1501.8124 | J19: =G19*8.5% -> 2247.4306 | K19: =+ROUND(+G19+H19+I19+J19,2) -> 36588.17 | L19: 50 | M19: 10 | N19: 11 | O19: 4 | Q19: 194 | S19: =+ROUND(+(L19+M19+Q19+N19+O19+P19+R19)*K19,2) -> 9842217.7
B20: Funzionari (PV) | K20: =+K19-K22 -> 6460.89 | S20: =+ROUND(+(L20+M20+Q20+N20+O20+P20+R20)*K20,2) -> 0
B22: Assistenti | C22: 19351.97 | D22: 744.72 | F22: =+ROUND((C22+D22+E22)/12,2) -> 1674.72 | G22: =+F22+D22+C22+E22 -> 21771.41 | H22: =G22*24.2% -> 5268.6812 | I22: =G22*7.1%*80% -> 1236.6161 | J22: =G22*8.5% -> 1850.5699 | K22: =+ROUND(+G22+H22+I22+J22,2) -> 30127.28 | L22: 14 | N22: 1 | P22: 9 | Q22: 64 | R22: 1 | S22: =+ROUND(+(L22+M22+Q22+N22+O22+P22+R22)*K22,2) -> 2681327.9
B23: Assistenti (PV) | K23: =+K22-K25 -> 1496.25 | S23: =+ROUND(+(L23+M23+Q23+N23+O23+P23+R23)*K23,2) -> 0
B25: Operatori | C25: 18390.84 | D25: 707.76 | F25: =+ROUND((C25+D25+E25)/12,2) -> 1591.55 | G25: =+F25+D25+C25+E25 -> 20690.15 | H25: =G25*24.2% -> 5007.0163 | I25: =G25*7.1%*80% -> 1175.2005 | J25: =G25*8.5% -> 1758.6628 | K25: =+ROUND(+G25+H25+I25+J25,2) -> 28631.03 | S25: =+ROUND(+(L25+M25+Q25+N25+O25+P25+R25)*K25,2) -> 0
K27: TOTALE | L27: =+SUM(L7:L26) -> 64 | M27: =+SUM(M7:M26) -> 10 | N27: =+SUM(N7:N26) -> 12 | O27: =+SUM(O7:O26) -> 4 | P27: =+SUM(P7:P26) -> 9 | Q27: =+SUM(Q7:Q26) -> 258 | R27: =+SUM(R7:R26) -> 1 | S27: =+SUM(S7:S26) -> 12523546
S28: DI CUI:
Q29: TOTALE ONERI SU BUDGET 2025 | S29: =+ROUND(+($L$11*$K$11)+($K$12*$L$12)+($K$19*$L$19)+($K$20*$L$20)+($K$22*$L$22)+($K$23*$L$23)+($K$25*$L$25)+($K$15*$L$15)+($K$16*$L$16)+($K$8*$L$8)+($K$7*$L$7),2) -> 2251190.4
Q30: Totale oneri da assumere su budget già autorizzato da d.P.C.M. | S30: =ROUND(((M19+N19+O19+P19)*K19)+((M22+N22+O22+P22)*K22),2) -> 1215977.1
Q31: TOTALE ONERI SU LEGGE…… | S31: =ROUND(((Q19+R19)*K19)+((Q22+R22)*K22),2) -> 9056378.2
A34: NOTE
A35: (1) Questa tabella va compilata per ciascuno degli anni della programmazione
A36: (2) Indicare il budget o cumulo di di budgets di cui si chiede l'autorizzazione
A37: (3) Indicare le unità sul budget di riferimento.
A38: (4) Indicare le unità già autorizzata da d.P.C.M. che si prevede di assumere nell'anno di riferimento, anche a seguito di rimodulazione.
A39: (5) Indicare le risorse stanziate da norme di autorizzazione ad assunzioni in deroga (aggiungere colonne qualora vi sia più di una autorizzazione ex lege), che si intende impiegare nell'anno preso in considerazione. Tuttavia, al fine di rendere le grandezze del piano omogenee, le risorse stanziate da leggi in deroga e gli oneri derivanti dalle unità che si intende assumere sono nettizzate in tabella dalle componenti accessorie della retribuzione. Prevedere una colonna anche per le PV ex art. 18 CCNL (7) sul 0,55% del Monte Salari 2018.

Sheet Tab. 4.4 Assunzioni  2026
A1: Funzionario referente | D1: Marco Cittadini | I1: AMMINISTRAZIONE | M1: Budget anno 2026 (2) | Q1: Tab. 4.4
A2: n. telefono | D2: 06 68188299 | I2: Dipartimento per la Giustizia Minorile e di Comunità | M2: =+'Tab. 3.3 Cessati anno 2025'!M22 -> 2956632
A3: E-mail PEC: | B3: E-mail ______________________________________ | C3: E-mail ______________________________________ | D3: prot.dgmc@giustiziacert.it
A5: Assunzioni programmate anno 2026 (1)
A6: DIRIGENTI PENITENZIARI | B6: FASCIA | C6: Tabellare al 1/1/2021 (DPCM 25 luglio 2022) | D6: Indennità integrativa speciale | E6: Tredicesima | G6: Retribuzione totale pro capite lordo dipendente | H6: Oneri a carico dello Stato (27,83% su Stipendio a.l. e 24,20% su IIS) | I6: IRAP (8,50%) | J6: Opera Previdenza (5,68% su Stipendio a.l. e 3,41% su IIS) | K6: Totale annuo pro-capite lordo stato | L6: Totale unità da assumere sul budget 2026 (3) | M6: Totale unità da assumere su budget già autorizzato da d.P.C.M. …. (4) | P6: Totale unità da assumere ex lege ….. (5) | Q6: TOTALE ONERI ASSUNZIONALI
B7: DIRIGENTE GENERALE | C7: 42199.62 | D7: 12155.3 | E7: =+(C7+D7)/12 -> 4529.5767 | G7: =+C7+D7+E7 -> 58884.497 | H7: =+(C7+C7/12)*27.83%+(D7+D7/12)*24.2% -> 15909.548 | I7: =+G7*8.5% -> 5005.1822 | J7: =+(C7+C7/12)*5.68%+(D7+D7/12)*3.41% -> 3045.7203 | K7: =+G7+H7+I7+J7 -> 82844.947 | Q7: =+ROUND(+(L7+M7+P7)*K7,2) -> 0
B8: PRIMO DIRIGENTE | C8: 27822.22 | D8: 11128.51 | E8: =+(C8+D8)/12 -> 3245.8942 | G8: =+C8+D8+E8 -> 42196.624 | H8: =+(C8+C8/12)*27.83%+(D8+D8/12)*24.2% -> 11305.692 | I8: =+G8*8.5% -> 3586.7131 | J8: =+(C8+C8/12)*5.68%+(D8+D8/12)*3.41% -> 2123.0996 | K8: =+G8+H8+I8+J8 -> 59212.129 | Q8: =+ROUND(+(L8+M8+P8)*K8,2) -> 0
A10: DIRIGENTI | B10: FASCIA | C10: Stipendio CCNL 2019-2021 (13 mensilità) | D10: IVC 2022-2024 per 13 mensilità con ulteriore incremento DDL Bilancio 2024 | G10: Retribuzione totale pro capite lordo dipendente | H10: Pensione 24,2% | I10: Buonuscita 5,68% | J10: IRAP 8,5% | K10: Totale annuo pro-capite lordo stato | L10: Totale unità da assumere sul budget 2026 (3) | M10: Totale unità da assumere su budget già autorizzato da d.P.C.M. …. (4) | P10: Totale unità da assumere ex lege ….. (5) | Q10: TOTALE ONERI ASSUNZIONALI
B11: PRIMA | C11: 60102.87 | D11: 2314.26 | G11: =+C11+D11 -> 62417.13 | H11: =G11*24.2% -> 15104.945 | I11: =G11*7.1%*80% -> 3545.293 | J11: =G11*8.5% -> 5305.4561 | K11: =+ROUND(+G11+H11+I11+J11,2) -> 86372.82 | Q11: =+ROUND(+(L11+M11+P11+N11+O11)*K11,2) -> 0
B12: SECONDA | C12: 47015.77 | D12: 1809.86 | G12: =+C12+D12 -> 48825.63 | H12: =G12*24.2% -> 11815.802 | I12: =G12*7.1%*80% -> 2773.2958 | J12: =G12*8.5% -> 4150.1785 | K12: =+ROUND(+G12+H12+I12+J12,2) -> 67564.91 | L12: 2 | Q12: =+ROUND(+(L12+M12+P12+N12+O12)*K12,2) -> 135129.82
A14: AREE | C14: Stipendio CCNL 2019-2021 (13 mensilità) | D14: IVC 2022-2024 per 13 mensilità con ulteriore incremento DDL Bilancio 2024 | E14: Retribuzione di posizione variabile | F14: Retribuzione di risultato | G14: Retribuzione totale pro capite lordo dipendente | H14: Oneri riflessi 38,38% (32,70% su retribuzione di risultato) | K14: Totale annuo pro-capite lordo stato | L14: Totale unità da assumere sul budget 2026 (3) | M14: Totale unità da assumere su budget già autorizzato da d.P.C.M. …. (4) | P14: Totale unità da assumere ex lege ….. (5) | Q14: TOTALE ONERI ASSUNZIONALI
B15: EP | C15: 35000 | D15: 1347.32 | G15: =+C15+D15+E15+F15 -> 36347.32 | H15: =+(C15+D15+E15)*38.38%+(F15*32.7%) -> 13950.101 | K15: =+IF(E15<>0,+ROUND(+G15+H15+I15+J15,2),"0") -> 0 | Q15: =+ROUND(+(L15+M15+P15+N15+O15)*K15,2) -> 0
B16: EP (PV) | Q16: =+ROUND(+(L16+M16+P16+N16+O16)*K16,2) -> 0
C18: Tabellare + IIS per 12 mensilità CCNL 2019-2021 | D18: IVC 2022-2024 per 12 mensilità con ulteriore incremento DDL Bilancio 2024 | E18: Altra voce retributiva fondamentale | F18: Tredicesima (tabellare + IVC) | G18: Totale annuo pro-capite lordo dipendente | H18: Pensione 24,2% | I18: Buonuscita 5,68% | J18: IRAP 8,5% | K18: Totale annuo pro-capite lordo stato | L18: Totale unità da assumere sul budget 2026 (3) | M18: Totale unità da assumere su budget già autorizzato da d.P.C.M. 10/11/2023 | N18: Totale unità da assumere su budget già autorizzato da d.P.C.M. 11/05/2023 | O18: Totale unità da assumere su budget già autorizzato da d.P.C.M. 22/07/2022 | P18: Totale unità da assumere ex lege DL 36/2022 - Legge 79/2022 | Q18: TOTALE ONERI ASSUNZIONALI
B19: Funzionari | C19: 23501.93 | D19: 904.56 | F19: =+ROUND((C19+D19+E19)/12,2) -> 2033.87 | G19: =+F19+D19+C19+E19 -> 26440.36 | H19: =G19*24.2% -> 6398.5671 | I19: =G19*7.1%*80% -> 1501.8124 | J19: =G19*8.5% -> 2247.4306 | K19: =+ROUND(+G19+H19+I19+J19,2) -> 36588.17 | L19: 56 | M19: 25 | P19: 194 | Q19: =+ROUND(+(L19+M19+P19+N19+O19)*K19,2) -> 10061747
B20: Funzionari (PV) | K20: =+K19-K22 -> 6460.89 | Q20: =+ROUND(+(L20+M20+P20+N20+O20)*K20,2) -> 0
B22: Assistenti | C22: 19351.97 | D22: 744.72 | F22: =+ROUND((C22+D22+E22)/12,2) -> 1674.72 | G22: =+F22+D22+C22+E22 -> 21771.41 | H22: =G22*24.2% -> 5268.6812 | I22: =G22*7.1%*80% -> 1236.6161 | J22: =G22*8.5% -> 1850.5699 | K22: =+ROUND(+G22+H22+I22+J22,2) -> 30127.28 | L22: 25 | N22: 1 | O22: 9 | P22: 65 | Q22: =+ROUND(+(L22+M22+P22+N22+O22)*K22,2) -> 3012728
B23: Assistenti (PV) | K23: =+K22-K25 -> 1496.25 | Q23: =+ROUND(+(L23+M23+P23+N23+O23)*K23,2) -> 0
B25: Operatori | C25: 18390.84 | D25: 707.76 | F25: =+ROUND((C25+D25+E25)/12,2) -> 1591.55 | G25: =+F25+D25+C25+E25 -> 20690.15 | H25: =G25*24.2% -> 5007.0163 | I25: =G25*7.1%*80% -> 1175.2005 | J25: =G25*8.5% -> 1758.6628 | K25: =+ROUND(+G25+H25+I25+J25,2) -> 28631.03 | Q25: =+ROUND(+(L25+M25+P25+N25+O25)*K25,2) -> 0
K27: TOTALE | L27: =+SUM(L7:L26) -> 83 | M27: =+SUM(M7:M26) -> 25 | N27: =+SUM(N7:N26) -> 1 | O27: =+SUM(O7:O26) -> 9 | P27: =+SUM(P7:P26) -> 259 | Q27: =+SUM(Q7:Q26) -> 13209605
Q28: DI CUI:
P29: TOTALE ONERI SU BUDGET 2026 | Q29: =+ROUND(+($L$11*$K$11)+($K$12*$L$12)+($K$19*$L$19)+($K$20*$L$20)+($K$22*$L$22)+($K$23*$L$23)+($K$25*$L$25)+($K$15*$L$15)+($K$16*$L$16)+($K$8*$L$8)+($K$7*$L$7),2) -> 2937249.3
P30: Totale oneri da assumere su budget già autorizzato da d.P.C.M. …. | Q30: =ROUND(((M19+N19+O19)*K19)+((M22+N22+O22)*K22),2) -> 1215977.1
P31: TOTALE ONERI SU LEGGE…… | Q31: =ROUND((P19*K19)+(P22*K22),2) -> 9056378.2
A34: NOTE
A35: (1) Questa tabella va compilata per ciascuno degli anni della programmazione
A36: (2) Indicare il budget o cumulo di di budgets di cui si chiede l'autorizzazione
A37: (3) Indicare le unità sul budget di riferimento.
A38: (4) Indicare le unità già autorizzata da d.P.C.M. che si prevede di assumere nell'anno di riferimento, anche a seguito di rimodulazione.
A39: (5) Indicare le risorse stanziate da norme di autorizzazione ad assunzioni in deroga (aggiungere colonne qualora vi sia più di una autorizzazione ex lege), che si intende impiegare nell'anno preso in considerazione. Tuttavia, al fine di rendere le grandezze del piano omogenee, le risorse stanziate da leggi in deroga e gli oneri derivanti dalle unità che si intende assumere sono nettizzate in tabella dalle componenti accessorie della retribuzione. Prevedere una colonna anche per le PV ex art. 18 CCNL (7) sul 0,55% del Monte Salari 2018.

Sheet Tab. 5 Comandati out
A1: Funzionario referente | D1: Marco Cittadini | I1: AMMINISTRAZIONE | M1: Tab. 5
A2: n. telefono | D2: 06 68188299 | I2: Dipartimento per la Giustizia Minorile e di Comunità
A3: E-mail PEC: | B3: E-mail ______________________________________ | C3: E-mail ______________________________________ | D3: prot.dgmc@giustiziacert.it
A5: Spesa comandati al 31/12/2023 (1)
A6: DIRIGENTI PENITENZIARI | B6: FASCIA | C6: Tabellare al 1/1/2021 (DPCM 25 luglio 2022) | D6: Indennità integrativa speciale | E6: Tredicesima | G6: Retribuzione totale pro capite lordo dipendente | H6: Oneri a carico dello Stato (27,83% su Stipendio a.l. e 24,20% su IIS) | I6: IRAP (8,50%) | J6: Opera Previdenza (5,68% su Stipendio a.l. e 3,41% su IIS) | K6: Totale annuo pro-capite lordo stato | L6: Totale comandati out (1) | M6: TOTALE ONERE COMANDATI OUT 31/12/2023
B7: DIRIGENTE GENERALE | C7: 42199.62 | D7: 12155.3 | E7: =+(C7+D7)/12 -> 4529.5767 | G7: =+C7+D7+E7 -> 58884.497 | H7: =+(C7+C7/12)*27.83%+(D7+D7/12)*24.2% -> 15909.548 | I7: =+G7*8.5% -> 5005.1822 | J7: =+(C7+C7/12)*5.68%+(D7+D7/12)*3.41% -> 3045.7203 | K7: =+G7+H7+I7+J7 -> 82844.947 | M7: =+ROUND((L7*K7),2) -> 0
B8: PRIMO DIRIGENTE | C8: 27822.22 | D8: 11128.51 | E8: =+(C8+D8)/12 -> 3245.8942 | G8: =+C8+D8+E8 -> 42196.624 | H8: =+(C8+C8/12)*27.83%+(D8+D8/12)*24.2% -> 11305.692 | I8: =+G8*8.5% -> 3586.7131 | J8: =+(C8+C8/12)*5.68%+(D8+D8/12)*3.41% -> 2123.0996 | K8: =+G8+H8+I8+J8 -> 59212.129 | M8: =+ROUND((L8*K8),2) -> 0
A10: DIRIGENTI | B10: FASCIA | C10: Stipendio CCNL 2019-2021 (13 mensilità) | D10: IVC 2022-2024 per 13 mensilità con ulteriore incremento DDL Bilancio 2024 | G10: Retribuzione totale pro capite lordo dipendente | H10: Pensione 24,2% | I10: Buonuscita 5,68% | J10: IRAP 8,5% | K10: Totale annuo pro-capite lordo stato | L10: Totale comandati out (1) | M10: TOTALE ONERE COMANDATI OUT 31/12/2023
B11: PRIMA | C11: 60102.87 | D11: 2314.26 | G11: =+C11+D11 -> 62417.13 | H11: =G11*24.2% -> 15104.945 | I11: =G11*7.1%*80% -> 3545.293 | J11: =G11*8.5% -> 5305.4561 | K11: =+ROUND(+G11+H11+I11+J11,2) -> 86372.82 | M11: =+ROUND((L11*K11),2) -> 0
B12: SECONDA | C12: 47015.77 | D12: 1809.86 | G12: =+C12+D12 -> 48825.63 | H12: =G12*24.2% -> 11815.802 | I12: =G12*7.1%*80% -> 2773.2958 | J12: =G12*8.5% -> 4150.1785 | K12: =+ROUND(+G12+H12+I12+J12,2) -> 67564.91 | M12: =+ROUND((L12*K12),2) -> 0
A14: AREE | C14: Tabellare + IIS per 12 mensilità CCNL 2019-2021 | D14: IVC 2022-2024 per 12 mensilità con ulteriore incremento DDL Bilancio 2024 | E14: Altra voce retributiva fondamentale | F14: Tredicesima (tabellare + IVC) | G14: Totale annuo pro-capite lordo dipendente | H14: Pensione 24,2% | I14: Buonuscita 5,68% | J14: IRAP 8,5% | K14: Totale annuo pro-capite lordo stato | L14: Totale comandati out (1) | M14: TOTALE ONERE COMANDATI OUT 31/12/2023
B15: Funzionari | C15: 23501.93 | D15: 904.56 | F15: =+ROUND((C15+D15+E15)/12,2) -> 2033.87 | G15: =+F15+D15+C15+E15 -> 26440.36 | H15: =G15*24.2% -> 6398.5671 | I15: =G15*7.1%*80% -> 1501.8124 | J15: =G15*8.5% -> 2247.4306 | K15: =+ROUND(+G15+H15+I15+J15,2) -> 36588.17 | L15: 2 | M15: =+ROUND((L15*K15),2) -> 73176.34
B17: Assistenti | C17: 19351.97 | D17: 744.72 | F17: =+ROUND((C17+D17+E17)/12,2) -> 1674.72 | G17: =+F17+D17+C17+E17 -> 21771.41 | H17: =G17*24.2% -> 5268.6812 | I17: =G17*7.1%*80% -> 1236.6161 | J17: =G17*8.5% -> 1850.5699 | K17: =+ROUND(+G17+H17+I17+J17,2) -> 30127.28 | M17: =+ROUND((L17*K17),2) -> 0
B19: Operatori | C19: 18390.84 | D19: 707.76 | F19: =+ROUND((C19+D19+E19)/12,2) -> 1591.55 | G19: =+F19+D19+C19+E19 -> 20690.15 | H19: =G19*24.2% -> 5007.0163 | I19: =G19*7.1%*80% -> 1175.2005 | J19: =G19*8.5% -> 1758.6628 | K19: =+ROUND(+G19+H19+I19+J19,2) -> 28631.03 | M19: =+ROUND((L19*K19),2) -> 0
K21: TOTALE | L21: =+SUM(L11:L19) -> 2 | M21: =+SUM(M11:M19) -> 73176.34
A24: (1) o analogo istituto non retribuito dall'amministrazio edi appartenenza, come aspettativa, personale fuori ruolo etc.

Sheet Tab. 6 Verifica tetto spesa
I1: Tab. 6
A2: ANNO DELLA PROGRAMMAZIONE
C5: 2024 | D5: E-mail ______________________________________
A7: VALORE FINANZIARIO PRESENTI IN SERVIZIO E COMANDATI IN AL 31.12.2023 (1) | D7: + | E7: =+'Tab. 2 presenti in servizio'!N24 -> 1.0588016e+08
A8: VALORE FINANZIARIO COMANDATI OUT AL 31.12.2023 (2) | D8: + | E8: =+'Tab. 5 Comandati out'!M21 -> 73176.34
A9: VALORE FINANZIARIO CESSAZIONI DAL SERVIZIO ANNO 2024 | D9: - | E9: =+'Tab. 3.2 Cessati anno 2024'!M23 -> 2260438.8
A10: VALORE FINANZIARIO ASSUNZIONI SU TURN-OVER NEL 2024 | D10: + | E10: =+'Tab. 4.2 Assunzioni 2024'!T29 -> 3919996.8
A11: VALORE FINANZIARIO ASSUNZIONI 2024 SU BUDGET RIMODULATO GIA' AUTORIZZATO DA D.P.C.M. …. | D11: + | E11: =+'Tab. 4.2 Assunzioni 2024'!T30 -> 6406631
A12: VALORE FINANZIARIO ASSUNZIONI EX LEGE NEL 2024 | D12: + | E12: =+'Tab. 4.2 Assunzioni 2024'!T31 -> 21776069
A13: TOTALE | E13: =+E7+E8-E9+E10+E11+E12 -> 1.357956e+08
E14: ≤
A15: VALORE FINANZIARIO DOTAZIONE ORGANICA AL 31.12.2023 | E15: =+'Tab.1 valore finanziario D.O.'!M25 -> 1.6322115e+08
A18: NOTE
A19: (1) o analoghi istituti con oneri a carico dell'amministrazione
A20: (2) la spesa relativa al personale comandato presso altra amministrazione (out), così come quella del personale in aspettativa e fuori ruolo, pur non essendo sostenuta dall' ente di appartenenza, deve essere accantonata per il caso di rientro in servizio delle predette unità.

Sheet All.a) Assunzioni autorizzate
A1: ASSUNZIONI AUTORIZZATE | C1: All. a)
A4: da DPCM
A5: Area | B5: Unità autorizzate da assumere | C5: Normativa di riferimento | D5: Note
A6: Dirigenti: | B6: 2 | C6: DPCM 29 marzo 2022
B7: 1 | C7: DPCM 22 luglio 2022
B8: 2 | C8: DPCM 11 maggio 2023
B9: 1 | C9: DPCM 10 novembre 2023
B10: =SUM(B6:B9) -> 6
A12: Dirigenti penitenziari: | B12: 1 | C12: DPCM 10 novembre 2023
A15: Funzionari: | B15: =45+9+9+1 -> 64 | C15: DPCM 11 maggio 2023 | D15: In attesa DPCM
B16: =46+5+30 -> 81 | C16: DPCM 10 novembre 2023
B17: =1+2+1 -> 4 | C17: DPCM 22 luglio 2022
B18: =SUM(B15:B17) -> 149 | D18: Concorso in atto
A20: Assistenti | B20: 7 | C20: DPCM 15 novembre 2018
B21: 5 | C21: DPCM 11 maggio 2023
B22: 16 | C22: DPCM 10 novembre 2023 | D22: Concorso in atto
B23: =25+6+3 -> 34 | C23: DPCM 22 luglio 2022
B24: 26 | C24: DPCM 11 maggio 2023
B25: 9 | C25: DPCM 20 agosto 2019
B26: =SUM(B20:B25) -> 97
A29: EX LEGE
A30: Area | B30: Unità autorizzate da assumere | C30: Normativa di riferimento
A31: Funzionari:
B32: 40 | C32: Legge 160, 27 dicembre 2019
B33: =421+320+52+83-21+12+7 -> 874 | C33: Legge 79, 22 giugno 2022 - DL 36/2022
B34: =SUM(B32:B33) -> 914
A36: Assistenti:
B38: =68+82+18+29 -> 197 | C38: Legge 79, 22 giugno 2022 - DL 36/2022
B39: 16 | C39: Legge n. 145, 30 dicembre 2018
B40: 1 | C40: Legge n. 178, 30 dicembre 2020
B41: =SUM(B38:B40) -> 214
